Map: Emerald City LE

Players

SpikePhD

  • Race: Terran Terran
  • League: Platinum
  • Spawn Location: 5:00

Blondog

  • Race: Terran Terran
  • League: Platinum
  • Spawn Location: 5:00

Massa

  • Race: Terran Terran
  • League: Gold
  • Spawn Location: 11:00

qqq

  • Race: Zerg Zerg
  • League: Platinum
  • Spawn Location: 11:00

VOD

Have the link to the VOD?

Description

Time

  • Played on: May 19, 2020, 4:18 p.m.
  • Length: 10:33
Show
View Real Time Build Order
Export as new Build Order

SpikePhD Terran 

Build Orders: Mech 

Get SALT Encoding   

  12  0:01  SCV  
  13  0:13  SCV  
  14  0:18  Supply Depot  
  14  0:25  SCV  
  15  0:31  Refinery  
  15  0:40  SCV  
  16  0:45  Barracks  
  16  0:52  SCV  
  17  1:04  SCV  
  18  1:17  SCV  
  19  1:31  Orbital Command  
  19  1:33  Marine  
  20  1:46  Command Center  
  20  1:52  Marine  
  21  1:58  SCV  
  21  2:10  SCV  
  21  2:11  Factory  
  22  2:16  Supply Depot  
  22  2:23  SCV  
  22  2:26  Barracks Reactor  
  23  2:37  SCV  
  24  2:52  SCV  
  24  2:56  Starport, Factory Tech Lab  
  24  2:58  Orbital Command  
  25  3:05  SCV  
  25  3:07  Refinery  
  25  3:12  Marine x2  
  28  3:17  SCV  
  29  3:20  Cyclone  
  29  3:24  SCV  
  33  3:30  SCV  
  34  3:36  SCV  
  34  3:39  Viking  
  37  3:41  Supply Depot  
  37  3:42  SCV  
  38  3:48  SCV  
  39  3:57  SCV  
  39  4:01  SCV  
  41  4:03  Siege Tank  
  41  4:05  Command Center  
  41  4:08  Supply Depot  
  44  4:15  SCV  
  45  4:17  Refinery, SCV  
  45  4:20  Refinery, Factory  
  46  4:27  SCV  
  46  4:30  SCV  
  48  4:32  Starport Reactor, Supply Depot  
  48  4:39  SCV  
  48  4:42  SCV  
  50  4:50  Engineering Bay  
  50  4:51  SCV, Siege Tank  
  54  4:54  SCV  
  55  5:02  Supply Depot  
  55  5:04  SCV  
  55  5:06  Factory  
  56  5:08  SCV, Hellion x2  
  61  5:14  Supply Depot  
  61  5:16  SCV  
  63  5:21  SCV  
  63  5:23  Missile Turret  
  63  5:25  Orbital Command  
  63  5:28  SCV  
  64  5:33  SCV  
  65  5:40  SCV  
  66  5:43  Siege Tank  
  66  5:44  Hellion x2  
  66  5:45  SCV  
  74  5:50  Missile Turret  
  74  5:55  Orbital Command  
  74  5:57  SCV  
  76  5:58  SCV  
  76  6:06  Factory Tech Lab, Armory  
  76  6:07  Hellion x2, Armory  
  80  6:14  SCV x2, Supply Depot  
  82  6:20  Refinery  
  82  6:21  SCV  
  83  6:25  Refinery  
  83  6:26  SCV  
  83  6:27  SCV  
  83  6:28  Viking  
  83  6:29  Siege Tank  
  90  6:33  SCV  
  90  6:38  SCV  
  92  6:43  Hellion x2, Siege Tank  
  92  6:44  SCV, Missile Turret  
  100  6:49  SCV  
  100  6:52  SCV  
  102  6:54  Supply Depot  
  102  7:01  SCV x2  
  102  7:05  Siege Tank  
  102  7:06  Hellion  
  102  7:08  Factory  
  109  7:13  Factory  
  109  7:16  Hellion, Supply Depot  
  109  7:17  Supply Depot x2  
  109  7:19  SCV, Supply Depot  
  109  7:20  SCV x2  
  109  7:22  Terran Vehicle And Ship Armor Level 1, Terran Vehicle Weapons Level 1  
  114  7:27  Missile Turret  
  117  7:30  Siege Tank  
  117  7:31  SCV, Hellion  
  117  7:32  SCV  
  117  7:33  SCV  
  122  7:48  Supply Depot  
  122  7:49  Hellion, Siege Tank  
  127  7:53  Supply Depot  
  127  8:01  Hellion  
  127  8:03  Infernal Pre-Igniter  
  131  8:07  Factory Tech Lab  
  131  8:09  Factory Reactor, Viking x2, Siege Tank  
  138  8:20  Hellion  
  138  8:21  Siege Tank  
  138  8:23  Hellion  
  143  8:41  Hellion, Siege Tank  
  140  8:48  Siege Tank  
  140  8:49  Hellion x3  
  140  8:50  Viking x2  
  140  8:51  SCV x2  
  140  8:53  Siege Tank  
  136  9:04  Command Center  
  136  9:07  Hellion  
  138  9:10  Hellion  
  138  9:13  Siege Tank  
  143  9:18  Hellion  
  143  9:19  SCV x3, Hellion  
  143  9:21  Siege Tank  
  153  9:25  Siege Tank  
  156  9:32  Missile Turret  
  156  9:33  Hellion  
  156  9:34  Missile Turret  
  154  9:45  Siege Tank  
  155  9:49  Refinery  
  155  9:50  Refinery, Liberator  
  155  9:51  Hellion  
  160  9:53  Siege Tank  
  163  10:03  Hellion x2  
  170  10:20  Missile Turret  
  173  10:22  Missile Turret  
Show
View Real Time Build Order
Export as new Build Order

Blondog Terran 

Build Orders: Reaper Expand 

Get SALT Encoding   

  12  0:00  SCV  
  13  0:13  SCV  
  14  0:18  Supply Depot  
  14  0:27  SCV  
  15  0:39  SCV  
  15  0:40  Barracks  
  16  0:47  Refinery  
  16  0:51  SCV  
  17  1:03  SCV  
  18  1:16  SCV  
  19  1:29  Orbital Command  
  19  1:32  Reaper  
  20  1:46  Command Center  
  20  1:54  Refinery  
  20  2:10  SCV, Supply Depot  
  21  2:16  Barracks Reactor  
  21  2:21  Barracks  
  21  2:22  SCV  
  22  2:32  Factory  
  22  2:38  SCV  
  23  2:50  SCV  
  24  2:56  Marine  
  24  3:07  SCV  
  24  3:11  Barracks Tech Lab, Supply Depot  
  26  3:20  SCV  
  26  3:21  Marine x2  
  26  3:22  Starport, Factory Reactor  
  28  3:28  Orbital Command  
  28  3:31  Marine  
  29  3:43  SCV  
  29  3:44  Marine  
  29  3:45  Marine  
  32  3:49  Stimpack  
  32  3:55  SCV  
  32  3:56  Marine  
  34  4:04  SCV  
  34  4:08  SCV, Marine  
  37  4:10  Medivac x2  
  37  4:13  Marine  
  37  4:15  Marine  
  43  4:18  Factory Tech Lab  
  43  4:25  Marine  
  43  4:29  SCV, Supply Depot x2  
  43  4:30  SCV  
  46  4:31  Marine  
  46  4:33  Marine  
  48  4:41  Barracks  
  48  4:43  Marine  
  49  4:59  Refinery  
  49  5:01  Refinery, SCV, Marine x3  
  49  5:03  Siege Tank  
  56  5:09  SCV  
  57  5:17  Engineering Bay  
  57  5:18  SCV, Marine  
  57  5:19  Marine x2  
  57  5:21  SCV  
  62  5:28  Marine, Combat Shield  
  62  5:31  SCV  
  64  5:36  Marine  
  64  5:37  Marine  
  55  5:52  SCV  
  55  5:55  Marine  
  55  5:56  Siege Tank  
  55  5:57  Marine  
  57  5:58  Command Center  
  57  5:59  Barracks Reactor  
  57  6:02  Barracks  
  57  6:09  SCV x2, Marine  
  60  6:13  Marine  
  61  6:19  Missile Turret x2  
  61  6:21  SCV  
  62  6:27  Supply Depot  
  62  6:30  SCV  
  63  6:33  Marine  
  63  6:35  Supply Depot  
  63  6:37  SCV  
  65  6:43  Marine, Siege Tank  
  69  6:55  Supply Depot  
  69  6:57  Supply Depot  
  69  6:58  Supply Depot  
  69  6:59  SCV  
  69  7:00  Barracks Tech Lab  
  70  7:02  Terran Infantry Weapons Level 1  
  70  7:06  Marine  
  70  7:07  Marine x3  
  70  7:08  SCV  
  75  7:14  Marine  
  75  7:15  Widow Mine  
  78  7:18  Concussive Shells  
  78  7:24  Marine x2  
  78  7:26  Engineering Bay  
  78  7:28  SCV, Marine x2  
  83  7:30  Armory  
  83  7:34  Marine x2  
  85  7:37  SCV  
  85  7:42  Marine  
  85  7:43  Barracks  
  85  7:44  Marine  
  88  7:47  Marine x2  
  90  7:53  Planetary Fortress  
  90  7:59  Marine x2  
  90  8:00  Marine  
  90  8:01  SCV x2, Marine  
  96  8:13  SCV x2  
  98  8:22  Marine x2  
  98  8:24  Supply Depot  
  98  8:25  SCV x2  
  98  8:26  Marine, Supply Depot  
  98  8:27  Marine  
  102  8:28  Supply Depot  
  102  8:30  SCV  
  105  8:37  SCV x2  
  106  8:50  Marine, Siege Tank  
  106  8:51  Marine x5  
  106  8:52  SCV x2  
  106  8:53  SCV  
  117  9:08  Marine x2  
  117  9:09  Marine x3  
  78  9:10  Medivac x2  
  116  9:18  SCV x3  
  116  9:22  Refinery  
  119  9:25  Refinery  
  119  9:26  Barracks  
  119  9:30  Barracks Tech Lab, SCV x2  
  119  9:31  Supply Depot x2  
  121  9:32  Supply Depot x2  
  121  9:39  Medivac  
  123  9:57  Marine x7  
  130  10:03  SCV  
  134  10:14  Marine  
Show
View Real Time Build Order
Export as new Build Order

Massa Terran 

Build Orders:  

Get SALT Encoding   

  12  0:12  Supply Depot  
  12  0:14  SCV  
  13  0:26  SCV  
  14  0:35  Barracks  
  14  0:38  SCV  
  15  0:51  SCV  
  16  0:59  Barracks  
  16  1:06  SCV  
  17  1:26  SCV  
  17  1:28  Marine  
  17  1:32  Supply Depot  
  19  1:38  SCV  
  20  1:48  Refinery  
  20  1:50  SCV  
  21  2:04  Command Center  
  21  2:06  Marine  
  21  2:07  Marine  
  22  2:20  Orbital Command  
  22  2:33  Refinery  
  22  3:08  Barracks Tech Lab  
  22  3:13  Barracks Reactor  
  22  3:14  SCV, Supply Depot  
  23  3:26  SCV  
  24  3:36  Factory  
  24  3:38  SCV  
  24  3:39  Engineering Bay  
  24  3:40  Marine  
  26  3:50  SCV  
  27  3:58  Marine  
  27  4:01  SCV  
  27  4:02  SCV  
  30  4:10  Terran Infantry Weapons Level 1  
  30  4:13  SCV  
  30  4:14  SCV  
  30  4:16  Marine  
  33  4:19  Engineering Bay  
  33  4:21  Factory Tech Lab  
  33  4:25  SCV, Marine x2  
  33  4:26  SCV  
  37  4:34  Marauder, Combat Shield  
  37  4:37  SCV  
  40  4:38  SCV  
  40  4:41  Missile Turret  
  40  4:43  Marine  
  42  4:50  Orbital Command, SCV  
  43  4:55  Siege Tank  
  46  5:02  Missile Turret  
  46  5:03  SCV  
  46  5:05  Terran Infantry Armor Level 1  
  47  5:23  SCV x2  
  49  5:29  Refinery  
  49  5:32  Siege Tank  
  49  5:35  SCV x2  
  54  5:41  Sensor Tower  
  54  6:02  Missile Turret  
  54  6:11  Refinery  
  54  6:18  Supply Depot  
  54  6:22  Missile Turret  
  54  6:23  Supply Depot  
  54  6:30  Armory  
  54  6:34  Hi-Sec Auto Tracking  
  54  6:39  SCV x2, Marine x2  
  60  6:40  Marauder  
  60  6:41  Supply Depot  
  60  6:42  Missile Turret  
  60  6:44  Siege Tank  
  60  6:46  Supply Depot  
  63  6:50  Command Center  
  63  6:57  Marine  
  63  7:01  Marauder  
  66  7:04  Missile Turret  
  66  7:05  Supply Depot  
  66  7:08  Supply Depot  
  66  7:10  SCV x2  
  68  7:22  SCV x2  
  69  7:23  Barracks  
  69  7:27  Supply Depot  
  70  7:31  Supply Depot  
  70  7:34  SCV  
  70  7:35  SCV  
  72  7:44  Missile Turret  
  72  7:46  SCV  
  73  7:59  Starport, Terran Infantry Armor Level 2  
  73  8:00  Terran Infantry Weapons Level 2  
  73  8:03  Terran Vehicle And Ship Armor Level 1  
  73  8:04  Missile Turret  
  73  8:12  SCV x2  
  75  8:24  SCV  
  75  8:25  SCV, Missile Turret  
  77  8:32  Marauder, Marine x2  
  77  8:33  Marine  
  82  8:34  Thor  
  82  8:36  SCV  
  82  8:37  SCV  
  90  8:45  Missile Turret  
  79  8:53  Marauder  
  79  8:54  Marine  
  79  8:55  Marine x2  
  68  9:07  Missile Turret  
  65  9:12  Marine  
  65  9:13  Marine x2  
  65  9:15  Marauder  
  68  9:17  Barracks, Thor  
  68  9:21  Bunker  
  74  9:30  Marine x3  
  77  9:36  Marauder  
  76  9:48  Marine  
  76  9:50  Bunker  
  73  9:58  Marauder  
  72  10:03  Marine x2  
  72  10:06  Marine  
Show
View Real Time Build Order
Export as new Build Order

qqq Zerg 

Build Orders: Hatch First 

Get SALT Encoding   

  12  0:03  Drone  
  13  0:08  Drone  
  14  0:35  Hatchery  
  13  0:56  Spawning Pool  
  12  1:02  Overlord  
  12  1:03  Drone  
  13  1:09  Drone  
  14  1:12  Extractor  
  13  1:20  Drone  
  14  1:33  Drone  
  15  1:48  Queen  
  15  1:51  Queen  
  19  1:57  Drone  
  19  1:58  Drone  
  19  1:59  Drone  
  22  2:04  Drone  
  23  2:08  Drone  
  24  2:24  Drone  
  24  2:26  Metabolic Boost  
  25  2:31  Drone x2  
  25  2:33  Overlord  
  27  2:40  Overlord  
  27  2:42  Drone  
  28  2:56  Drone x2  
  30  3:05  Drone x3  
  32  3:06  Drone x2, Extractor  
  32  3:08  Drone x2  
  32  3:11  Drone  
  37  3:19  Roach Warren  
  36  3:26  Lair  
  36  3:40  Drone x2  
  39  3:41  Drone x2  
  39  3:42  Drone x3  
  43  3:49  Drone  
  43  3:55  Spore Crawler  
  43  3:59  Spore Crawler  
  43  4:00  Drone, Spore Crawler  
  43  4:01  Drone  
  43  4:06  Overlord  
  43  4:07  Overlord x2  
  43  4:23  Evolution Chamber  
  42  4:25  Evolution Chamber  
  42  4:26  Roach  
  43  4:32  Drone x3  
  43  4:33  Extractor  
  43  4:36  Extractor  
  43  4:37  Roach  
  46  4:48  Zergling x6  
  46  4:49  Roach  
  46  4:50  Roach  
  46  4:51  Roach  
  55  4:54  Ravager  
  55  4:58  Hatchery  
  55  5:04  Spore Crawler  
  54  5:12  Spore Crawler  
  53  5:15  Zerg Melee Weapons Level 1  
  53  5:18  Zerg Ground Armor Level 1  
  53  5:19  Drone x3  
  53  5:20  Roach x3  
  62  5:32  Drone  
  62  5:33  Drone x5  
  62  5:35  Infestation Pit  
  67  5:48  Queen  
  67  6:04  Overlord x2  
  67  6:05  Overlord x2  
  67  6:06  Overlord  
  67  6:14  Spore Crawler  
  67  6:16  Spore Crawler  
  67  6:17  Drone  
  66  6:19  Spore Crawler  
  66  6:24  Glial Reconstitution  
  65  6:26  Hive  
  65  6:29  Drone x2  
  65  6:30  Queen  
  69  6:41  Infestor  
  69  6:42  Infestor  
  73  6:53  Burrow  
  73  6:56  Zergling x6, Roach x3  
  73  6:58  Drone x2  
  73  6:59  Drone  
  85  7:07  Ravager x3  
  85  7:08  Ravager x2  
  90  7:10  Drone  
  90  7:11  Roach x2  
  95  7:20  Neural Parasite  
  95  7:22  Drone  
  96  7:23  Roach  
  96  7:26  Zergling x8  
  96  7:28  Overlord  
  102  7:47  Zergling x2  
  102  7:48  Viper  
  102  7:50  Drone x2  
  107  8:04  Zerg Melee Weapons Level 2  
  107  8:09  Drone x2  
  107  8:10  Drone  
  107  8:11  Hydralisk Den  
  108  8:33  Roach x3  
  114  8:34  Overlord x2  
  68  9:07  Zergling x8  
  68  9:08  Zergling x8  
  72  9:25  Zergling x2  
  72  9:27  Zergling x2  
  49  9:57  Zergling x4, Spire  
  49  9:58  Zergling x8  
  49  9:59  Zergling x8  
  58  10:11  Hatchery  
  58  10:14  Hatchery  
  56  10:15  Hatchery  
  56  10:16  Drone  
  56  10:17  Drone  
  56  10:20  Ultralisk Cavern  
Tags
 
Add a new tag
Caveats
  • Supply blocks, unpowered buildings, or Contaminate may cause inaccurate times.
  • Supply counts are checked every 10 seconds.